 Dungeon Crawl Stone Soup version 0.24.1-14-gf8d2b509d9 (webtiles) character file.

Game seed: 15847331189639108584, levelgen mode: deterministic

18 101zpm the Caller (level 2, -4/20 HPs)
             Began as a Gnoll Summoner on May 4, 2022.
             Killed from afar by Sigmund (11 damage)
             ... with a magic dart
             ... on level 2 of the Dungeon.
             The game lasted 00:06:08 (1558 turns).

101zpm the Caller (Gnoll Summoner)                  Turns: 1558, Time: 00:06:09

Health: -4/20      AC:  2    Str: 10    XL:     2   Next: 70%
Magic:  0/7        EV: 14    Int: 17    God:
Gold:   18         SH:  0    Dex: 15    Spells: 7/10 levels left

rFire    . . .     SeeInvis .   (no weapon)
rCold    . . .     Gourm    .   (no shield)
rNeg     . . .     Faith    .   a - +0 robe
rPois    .         Spirit   .   (no helmet)
rElec    .         Reflect  .   (no cloak)
rCorr    .         Harm     .   (no gloves)
MR       .....                  (no boots)
Stlth    +++.......             (no amulet)
HPRegen  0.06/turn              (no ring)
MPRegen  0.10/turn              (no ring)

@: no status effects
A: distributed training, fangs 1, strong nose
a: no special abilities


You were on level 2 of the Dungeon.
You were near starving.

You visited 1 branch of the dungeon, and saw 2 of its levels.

You collected 18 gold pieces.

Inventory:

Armour
 a - a +0 robe (worn)
Scrolls
 f - a scroll of identify {unknown}
 g - 2 scrolls of teleportation {unknown}
 h - a scroll of immolation {unknown}
Potions
 b - 2 potions of lignification {unknown}
 d - a potion of might {unknown}
 e - 3 potions of heal wounds {unknown}
 i - a potion of flight {unknown}
Comestibles
 c - 4 rations


   Skills:
 + Level 0.5 Fighting
 + Level 0.5 Short Blades
 + Level 0.5 Long Blades
 + Level 0.5 Axes
 + Level 0.5 Maces & Flails
 + Level 0.5 Polearms
 + Level 0.5 Staves
 + Level 0.5 Slings
 + Level 0.5 Bows
 + Level 0.5 Crossbows
 + Level 0.5 Throwing
 + Level 0.5 Armour
 + Level 4.5 Dodging
 + Level 4.1 Stealth
 + Level 0.5 Shields
 + Level 0.5 Unarmed Combat
 + Level 4.9 Spellcasting
 + Level 0.3 Conjurations
 + Level 0.3 Hexes
 + Level 0.3 Charms
 + Level 7.0 Summonings
 + Level 0.3 Necromancy
 + Level 0.3 Translocations
 + Level 0.3 Transmutations
 + Level 0.3 Fire Magic
 + Level 0.3 Ice Magic
 + Level 0.3 Air Magic
 + Level 0.3 Earth Magic
 + Level 0.3 Poison Magic
 + Level 0.6 Invocations
 + Level 0.5 Evocations


You had 7 spell levels left.
You knew the following spells:

 Your Spells              Type           Power        Failure   Level  Hunger
a - Summon Small Mammal   Summ           ####         1%          1    None
b - Call Imp              Summ           ####....     1%          2    #......

Your spell library contained the following spells:

 Spells                   Type           Power        Failure   Level  Hunger
 Call Canine Familiar     Summ           ####....     2%          3    ###....
 Summon Guardian Golem    Hex/Summ       ###.....     10%         3    ###....
 Summon Ice Beast         Ice/Summ       ###.....     30%         4    ####...
 Summon Lightning Spire   Summ/Air       ###.....     30%         4    ####...


Dungeon Overview and Level Annotations

Branches:
Dungeon (2/15)

Altars:
Kikubaaqudgha

Annotations:
D:2 Sigmund


Innate Abilities, Weirdness & Mutations

Your experience applies equally to all skills.
You have very sharp teeth.
Your uncanny sense of smell can sniff out nearby items.


Message History

A puff of flame appears from out of thin air!
The puff of flame hits you. Something hits you.
Casting: Summon Small Mammal (safe; 1% risk of failure)
Confirm with . or Enter, or press ? or * to list all spells.
Your crimson imp hits something but does no damage.
You swap places.
Your crimson imp hits something.
Something hits your crimson imp.
Casting: Summon Small Mammal (safe; 1% risk of failure)
Confirm with . or Enter, or press ? or * to list all spells.
A beastly little devil appears in a puff of flame.
Your quokka disappears in a puff of smoke!
You barely miss something. Something hits you.
You miss something. You hit something.
You hear some strange, mumbled words.
A magic dart appears from out of thin air!
The magic dart hits you!
Ouch! That really hurt!
You die...

##...###########.#####
##.## #.........# #.#
#.###.###.# #.# #.#
#.# #)# #+ #.# #.# #5#
#.# #.# #.# #.###.#
#.# #..##.# #.#
####...#@###.#
+......5r....#
∆####...#.#####
##.##.# ###... #...# ∆
....# ##..## #..#


You could see a friendly crimson imp and a friendly quokka.

Vanquished Creatures
  An ooze (D:2)
  A rat (D:2)
2 creatures vanquished.

Vanquished Creatures (collateral kills)
  A dart slug (D:1)
  2 leopard geckos (D:1)
  A goblin (D:2)
  A hobgoblin (D:1)
  2 bats (D:2)
  A frilled lizard (D:1)
  A kobold (D:1)
  5 rats
14 creatures vanquished.

Grand Total: 16 creatures vanquished

Notes
Turn   | Place    | Note
-------+----------+-------------------------------------------
     0 | D:1      | 101zpm the Gnoll Summoner began the quest for the Orb.
     0 | D:1      | Reached XP level 1. HP: 13/13 MP: 6/6
   339 | D:1      | Reached XP level 2. HP: 16/19 MP: 4/7
  1224 | D:2      | Found an ancient bone altar of Kikubaaqudgha.
  1478 | D:2      | Noticed Sigmund
  1483 | D:2      | Learned a level 2 spell: Call Imp
  1558 | D:2      | Killed from afar by Sigmund

Levels and vault maps discovered:
D:1:      lightli_arrival_maybe_door_vault, layout_basic,
          minmay_misc_feat_pillars
D:2:      layout_loops_corners, nicolae_overflow_hidden_temple, first_ration,
          uniq_sigmund

Action                   || total
-------------------------++-------
Melee: Unarmed           ||    23
       Bite              ||     2
 Cast: Summon Small Mamm ||    40
       Call Imp          ||     3
Armor: Robe              ||     2
Dodge: Dodged            ||    18
